 Dungeon Crawl Stone Soup version 0.27.1-15-g792fb953b9 (webtiles) character file.

Game seed: 2197961896732696526

4986 raph the Digger (level 10, 0/58 HPs)
             Began as a Deep Elf Earth Elementalist on Nov 20, 2021.
             Was a Believer of Makhleb.
             Slain by Snorg (18 damage)
             ... on level 10 of the Dungeon.
             The game lasted 00:24:15 (12062 turns).

raph the Digger (Deep Elf Earth Elementalist)      Turns: 12062, Time: 00:24:16

Health: 0/58       AC: 12    Str:  5    XL:     10   Next: 29%
Magic:  5/20       EV: 12    Int: 30    God:    Makhleb [**....]
Gold:   100        SH:  6    Dex: 15    Spells: 0/20 levels left

rFire    . . .     SeeInvis +   a - +3 demon trident (pain)
rCold    + . .     Faith    +   f - +1 buckler
rNeg     . . .     Spirit   .   K - +2 robe {rC+}
rPois    .         Reflect  .   r - +1 helmet
rElec    .         Harm     .   B - +1 cloak
rCorr    .         Rampage  .   m - +1 pair of gloves
Will     +....                  P - +1 pair of boots
Stlth    +++.......             M - amulet of faith
HPRegen  0.19/turn              o - +6 ring of intelligence
MPRegen  0.17/turn              G - ring of see invisible

@: very slightly contaminated
A: no striking features
a: Renounce Religion, Minor Destruction


You were on level 10 of the Dungeon.
You worshipped Makhleb.
Makhleb was pleased with you.
You visited 1 branch of the dungeon, and saw 10 of its levels.

You collected 415 gold pieces.
You spent 315 gold pieces at shops.

Inventory:

Hand Weapons
 a - a +3 demon trident of pain (weapon)
 b - a +0 glaive
Missiles
 c - 141 stones
Armour
 f - a +1 buckler (worn)
 m - a +1 pair of gloves (worn)
 r - a +1 helmet (worn)
 B - a +1 cloak (worn)
 K - a +2 robe of cold resistance (worn)
 P - a +1 pair of boots (worn)
Jewellery
 i - a ring of poison resistance
 o - a +6 ring of intelligence (left hand)
 w - a ring of positive energy
 G - a ring of see invisible (right hand)
 L - an amulet of reflection
 M - an amulet of faith (around neck)
Wands
 l - a wand of mindburst (12)
 v - a wand of flame (17)
 H - a wand of iceblast (8)
Scrolls
 d - a scroll of vulnerability {unknown}
 g - a scroll of identify
 j - 3 scrolls of teleportation
 y - 2 scrolls of blinking
 E - 3 scrolls of magic mapping
Potions
 e - 5 potions of curing
 h - 3 potions of flight
 k - 2 potions of haste
 n - 2 potions of invisibility
 q - 3 potions of heal wounds
 z - a potion of berserk rage
 A - 3 potions of lignification
 I - 3 potions of might
 J - a potion of magic
 O - 2 potions of brilliance


   Skills:
 - Level 4.4 Fighting
 - Level 0.5 Long Blades
 + Level 5.6 Polearms
 - Level 2.5 Dodging
 - Level 5.7 Stealth
 - Level 4.0 Shields
 - Level 5.9 Spellcasting
 - Level 6.0 Conjurations
 - Level 4.3 Necromancy
 - Level 1.1 Transmutations
 - Level 7.6 Earth Magic


You couldn't memorise any spells.
You knew the following spells:

 Your Spells              Type           Power      Damage    Failure   Level
a - Sandblast             Erth           100%       2d20      1%          1
b - Passwall              Tmut/Erth      29%        N/A       1%          2
c - Stone Arrow           Conj/Erth      100%       3d13      1%          3
d - Animate Skeleton      Necr           70%        N/A       1%          1
e - Sublimation of Blood  Necr           17%        N/A       1%          2
f - Vampiric Draining     Necr           17%        2d8       2%          3
g - Petrify               Tmut/Erth      35%        N/A       9%          4
h - Sticky Flame          Conj/Fire      26%        2d5       16%         4

Your spell library contained the following spells:

 Spells                   Type           Power      Damage    Failure   Level
 Pain                     Necr           100%       1d9       1%          1
 Wereblood                Tmut           15%        N/A       4%          2
 Conjure Flame            Conj/Fire      26%        6-21      4%          3
 Ignite Poison            Fire/Tmut/Pois 11%        N/A       14%         3
 Summon Hydra             Summ           4%         N/A       100%        7


Dungeon Overview and Level Annotations

Branches:
Dungeon (10/15)            Temple (0/1) D:6
   Lair: D:8-11         Orc: D:9-12

Altars:
Cheibriados
Fedhas
Hepliaklqana
Kikubaaqudgha
Makhleb
Ru
Vehumet
Xom

Shops:
D:1 ?   D:2 [   D:3 [   D:8 *((=   D:9 *(

Annotations:
D:4 2 runed translucent doors
D:10 Snorg


Message History

The blast of sand misses Snorg.
Snorg goes berserk!
Aiming: Sandblast (safe; 1% risk of failure)
Press: ? - help, Q - select action, (/) - cycle Shift-Dir - straight line, f/p - Snorg
Aim: Snorg (heavily wounded, berserk, 84% to hit)
The blast of sand hits Snorg!!
Snorg is severely wounded.
Snorg barely misses you. Snorg claws you but does no damage. Snorg claws you!
Aiming: Sandblast (safe; 1% risk of failure)
Press: ? - help, Q - select action, (/) - cycle Shift-Dir - straight line, f/p - Snorg
Aim: Snorg (severely wounded, berserk, 84% to hit)
The blast of sand hits Snorg.
Snorg is severely wounded.
Snorg bites you! You block Snorg's attack. Snorg claws you!
You block Snorg's attack. Snorg claws you!
* * * LOW HITPOINT WARNING * * *
Snorg misses you.
Casting: Sandblast (safe; 1% risk of failure)
Confirm with . or Enter, or press ? or * to list all spells.
Aiming: Stone Arrow (safe; 1% risk of failure)
Press: ? - help, Shift-Dir - straight line, f/p - Snorg
Aim: Snorg (severely wounded, berserk, 78% to hit)
Okay, then.
Casting: Stone Arrow (safe; 1% risk of failure)
Confirm with . or Enter, or press ? or * to list all spells.
Aiming: Vampiric Draining (dangerous; 2% risk of failure)
Press: ? - help, Shift-Dir - straight line, f/p - Snorg
Aim: Snorg (severely wounded, berserk)
You draw life force from Snorg.
You feel life coursing into your body.
You block Snorg's attack. x2; Snorg claws you but does no damage.
Casting: Vampiric Draining (dangerous; 2% risk of failure)
Confirm with . or Enter, or press ? or * to list all spells.
Aiming: Vampiric Draining (dangerous; 2% risk of failure)
Press: ? - help, Shift-Dir - straight line, f/p - Snorg
Aim: Snorg (severely wounded, berserk)
You miscast Vampiric Draining.
You are very lightly contaminated with residual magic.
Nothing appears to happen.
Snorg bites you but does no damage. Snorg claws you!!
You die...

.o_#. ...._
≈#^ ..≈ #⌠#
#.# #.#
####'##
#.@T..#
#.#.#.#
#.#.#...
+.#.#####>+
#.#.......#
###'#######
#### #..#
.... ##.##
#+# ..#
#..# #.#


You could see Snorg (berserk).

Vanquished Creatures
  Erolcha (D:10)
  Grinder (D:4)
  A vampire (D:9)
  Edmund (D:4)
  A steam dragon (D:7)
  A water moccasin (D:8)
  An acid dragon (D:8)
  An ice beast (D:6)
  2 sky beasts
  3 orc warriors
  A necrophage (D:7)
  4 ogres
  A phantom (D:4)
  2 centaurs
  A bullfrog (D:4)
  2 kobold brigands
  A gnoll sergeant (D:9)
  4 scorpions
  A water moccasin zombie (D:6)
  6 killer bees
  12 wights
  3 electric eels
  3 howler monkeys (D:9)
  A bullfrog zombie (D:5)
  3 centaur zombies
  A jelly (D:5)
  4 hounds
  3 bullfrog skeletons
  An orc priest (D:8)
  Ijyb (D:3)
  2 iguanas
  3 orc wizards
  3 killer bee zombies
  Robin (D:4)
  A howler monkey zombie (D:9)
  3 gnolls (D:9)
  3 adders
  A white imp (D:7)
  An adder skeleton (D:4)
  2 worms
  2 dart slugs
  26 orcs
  A bat (D:1)
  9 endoplasms
  12 giant cockroaches
  12 goblins
  7 hobgoblins
  4 jackals
  13 kobolds
  2 quokkas
  3 ball pythons
  A frilled lizard (D:2)
  3 rats
183 creatures vanquished.

Vanquished Creatures (collateral kills)
  A goblin (D:4)
  A hobgoblin (D:4)
2 creatures vanquished.

Vanquished Creatures (others)
  10 plants (D:1)
10 creatures vanquished.

Grand Total: 195 creatures vanquished

Notes
Turn   | Place    | Note
-------+----------+-------------------------------------------
     0 | D:1      | raph the Deep Elf Earth Elementalist began the quest for
                  | the Orb.
     0 | D:1      | Reached XP level 1. HP: 10/10 MP: 6/6
   321 | D:1      | Reached XP level 2. HP: 15/15 MP: 5/8
   332 | D:1      | Reached skill level 4 in Earth Magic
   446 | D:1      | Learned a level 2 spell: Passwall
   813 | D:1      | Found Plog's Magic Scroll Shop.
   820 | D:1      | Bought a scroll of identify for 20 gold pieces
  1332 | D:2      | Reached XP level 3. HP: 19/19 MP: 4/9
  1336 | D:2      | Learned a level 3 spell: Stone Arrow
  1447 | D:2      | Found Duzukoskiys's Antique Armour Shop.
  1795 | D:2      | Learned a level 1 spell: Animate Skeleton
  1898 | D:2      | Found a faded altar of an unknown god.
  2073 | D:3      | Noticed Ijyb
  2079 | D:3      | Killed Ijyb
  2080 | D:3      | Reached skill level 1 in Shields
  2080 | D:3      | Reached skill level 1 in Conjurations
  2080 | D:3      | Reached XP level 4. HP: 24/24 MP: 5/10
  2171 | D:3      | Found Pihak's Antique Armour Boutique.
  2592 | D:3      | Reached skill level 5 in Earth Magic
  2923 | D:4      | Noticed Edmund
  2964 | D:4      | Noticed Robin
  2964 | D:4      | Found a large runed translucent door.
  2964 | D:4      | Found a large runed translucent door.
  2964 | D:4      | Noticed a bullfrog
  3076 | D:4      | Reached XP level 5. HP: 28/28 MP: 7/11
  3320 | D:4      | Killed Robin
  3466 | D:2      | Bought a pair of boots for 135 gold pieces
  3750 | D:4      | Noticed a phantom
  3756 | D:4      | Killed a phantom
  3757 | D:4      | Reached XP level 6. HP: 32/32 MP: 8/12
  3842 | D:4      | Noticed Grinder
  3844 | D:4      | Killed Grinder
  3845 | D:4      | Reached skill level 6 in Earth Magic
  3845 | D:4      | Reached XP level 7. HP: 36/36 MP: 6/13
  3929 | D:4      | Killed Edmund
  4091 | D:4      | Reached skill level 1 in Fighting
  4091 | D:4      | Reached skill level 1 in Necromancy
  4214 | D:1      | Bought a scroll of identify for 20 gold pieces
  4398 | D:5      | Entered Level 5 of the Dungeon
  4616 | D:5      | Found a sacrificial altar of Ru.
  4617 | D:5      | Found a snail-covered altar of Cheibriados.
  4801 | D:5      | Reached XP level 8. HP: 44/44 MP: 8/15
  5064 | D:5      | Found a burning altar of Makhleb.
  5069 | D:5      | Became a worshipper of Makhleb the Destroyer
  5138 | D:5      | Found an ancient bone altar of Kikubaaqudgha.
  5714 | D:6      | Learned a level 2 spell: Sublimation of Blood
  5718 | D:6      | Learned a level 3 spell: Vampiric Draining
  5722 | D:6      | Found a staircase to the Ecumenical Temple.
  5796 | D:6      | Reached skill level 5 in Conjurations
  5920 | D:6      | Reached skill level 7 in Earth Magic
  6233 | D:6      | Reached skill level 5 in Spellcasting
  6445 | D:6      | Reached XP level 9. HP: 51/51 MP: 14/18
  6615 | D:6      | Reached skill level 5 in Stealth
  6618 | D:6      | Reached * piety under Makhleb
  7830 | D:7      | Found a hazy altar of Hepliaklqana.
  8311 | D:8      | Found Baraotsa's General Store.
  8351 | D:8      | Found Igreise's Weapon Emporium.
  8351 | D:8      | Found Yskeuck's Weapon Boutique.
  8353 | D:8      | Found Jouluugg's Jewellery Shoppe.
  8370 | D:8      | Bought a potion of heal wounds for 65 gold pieces
  8535 | D:8      | Learned a level 4 spell: Petrify
  9072 | D:8      | Reached skill level 1 in Polearms
 10333 | D:1      | Bought a scroll of enchant weapon for 75 gold pieces
 10506 | D:9      | Found a radiant altar of Vehumet.
 10610 | D:9      | Found Ahima's Antique Weapon Shop.
 10616 | D:9      | Found a blossoming altar of Fedhas.
 10648 | D:9      | Found Heicid's Neck Hole.
 11294 | D:9      | Reached ** piety under Makhleb
 11295 | D:9      | Reached XP level 10. HP: 58/58 MP: 7/20
 11494 | D:9      | Learned a level 4 spell: Sticky Flame
 11769 | D:10     | Entered Level 10 of the Dungeon
 11897 | D:10     | Noticed Erolcha
 11905 | D:10     | Killed Erolcha
 11906 | D:10     | Reached skill level 5 in Polearms
 12044 | D:10     | Found a shimmering altar of Xom.
 12044 | D:10     | Noticed Snorg
 12045 | D:10     | Found a shimmering altar of Xom.
 12062 | D:10     | Slain by Snorg

Illustrated notes

Levels and vault maps discovered:
D:1:      kilobyte_arrival_exit_the_forest, layout_loops_ring, serial_shops,
          nicolae_shop_waterfront, serial_bayou, serial_bayou_ford_a,
          serial_bayou_shore_a, serial_bayou_lake_a, serial_bayou_pond_b,
          grunt_decor_cap, minmay_vboxes
D:2:      layout_loops_cross, shapermc_ecumenical_altar_starsandcircs,
          serial_shops, shop
D:3:      minmay_roachtagon, layout_basic, serial_shops, shop, uniq_ijyb
D:4:      layout_loops_cross, jmf_multi_god_temple2, uniq_edmund, uniq_grinder,
          uniq_robin
D:5:      layout_gridville, mainiacjoe_overflow_brackets, marbit_many_paths,
          chequers_temple_overflow_statue_of_worship
D:6:      layout_loops_ring, minmay_temple_entry_glassed_door
D:7:      layout_basic, nzn_hepliaklqana_mist_gate
D:8:      layout_basic, corexii_hall_statues_i, nicolae_wooded_promenade
D:9:      layout_cave_pools, fedhas_altar_2, nicolae_vehumet_radiance,
          serial_shops, shop, nicolae_shop_sticking_my_neck_out
D:10:     layout_roguey, xom_redecorated, hive_lemuel, uniq_erolcha, uniq_erica,
          uniq_gastronok, uniq_snorg

Skill      XL: |  1  2  3  4  5  6  7  8  9 10 |
---------------+-------------------------------+-----
Earth Magic    | 4 5 6 7 |  7.6
Shields        | 1 2 3 4 |  4.0
Conjurations   | 1 2 3 4 5 6 |  6.0
Fighting       | 1 3 4 |  4.4
Stealth        | 3 4 5 |  5.7
Necromancy     | 1 3 4 |  4.3
Spellcasting   | 5 |  5.9
Polearms       | 4 5 |  5.6
Long Blades    | |  0.5
Dodging        | |  2.5
Transmutations | |  1.1

Action                   |  1- 3 |  4- 6 |  7- 9 | 10-12 || total
-------------------------+-------+-------+-------+-------++-------
Melee: Short sword       |     3 |     8 |     5 |       ||    16
       Demon trident     |       |       |    19 |       ||    19
       Scimitar          |       |       |     6 |       ||     6
 Cast: Sandblast         |    43 |    49 |   108 |    11 ||   211
       Passwall          |     1 |     1 |       |       ||     2
       Stone Arrow       |       |     9 |    75 |    19 ||   103
       Animate Skeleton  |       |     4 |     1 |       ||     5
       Vampiric Draining |       |       |     3 |     1 ||     4
       Petrify           |       |       |     2 |       ||     2
  Use: Scroll            |     3 |       |    18 |       ||    21
 Stab: Sleeping          |     1 |       |     3 |       ||     4
       Distracted        |       |       |     1 |       ||     1
Armor: Robe              |     3 |     7 |    35 |     5 ||    50
Dodge: Dodged            |     4 |    17 |    57 |     4 ||    82
Block: Buckler           |       |     3 |    24 |     4 ||    31
       Rpst.: Scimitar   |       |       |     1 |       ||     1
